 Dungeon Crawl Stone Soup version 0.30.1-4-g462c640d31 (webtiles) character file.

Game seed: 8943722244067933785

72 boopmooplesden the Covered (level 4, 0/40 HPs)
             Began as an Armataur Fighter on Sept 14, 2023.
             Succumbed to a goblin's poison
             ... on level 3 of the Dungeon.
             The game lasted 00:02:58 (1666 turns).

boopmooplesden the Covered (Armataur Fighter)       Turns: 1666, Time: 00:02:58

Health: 0/40       AC:  8    Str: 24    XL:     4   Next: 7%
Magic:  4/4        EV:  7    Int:  8    God:
Gold:   132        SH:  4    Dex:  9    Spells: 3/3 levels left

rFire   . . .        a - +1 flail
rCold   . . .        c - +0 buckler
rNeg    . . .        b - +0 scale mail
rPois   .            f - +0 helmet
rElec   .            (no cloak)
rCorr   .            (no gloves)
SInv    .            (no barding)
Will    .....        (no amulet) Stlth
                     (no ring)
HPRegen 0.26/turn    (no ring)
MPRegen 0.09/turn

%: roll
@: mighty, lethally poisoned (0 -> -9), hasted, very quick
A: large, rugged brown scales 3, deformed body, armoured tail, roll, long
tongue, awkward tongue
a: no special abilities


You were on level 3 of the Dungeon.
You visited 1 branch of the dungeon, and saw 3 of its levels.

You collected 132 gold pieces.

Inventory:

Hand Weapons
 a - a +1 flail (weapon)
 e - a +0 hand axe
Armour
 b - a +0 scale mail (worn)
 c - a +0 buckler (worn)
 f - a +0 helmet (worn)
Scrolls
 g - a scroll of identify {unknown}
 i - a scroll of immolation {unknown}
 l - a scroll of magic mapping
Potions
 d - a potion of might
 j - a potion of resistance {unknown}
 k - a potion of berserk rage {unknown}


   Skills:
 + Level 3.0 Fighting
 + Level 2.5 Maces & Flails
 + Level 4.3 Armour
 + Level 0.6 Dodging
 + Level 3.8 Shields


You had 3 spell levels left.
You didn't know any spells.
Your spell library was empty.

Dungeon Overview and Level Annotations

Branches:
Dungeon (3/15)

Altars:
Trog

Shops:
D:1 :


Innate Abilities, Weirdness & Mutations

You are completely covered in rugged brown scales. (AC +3, +7% HP)
Armour fits poorly on your strangely shaped body.
You have a long armoured tail.
You roll when moving toward enemies. (Rampage)
Your long tongue fully drains potion bottles. (2x potion effects)
Your tongue gives you trouble enunciating. (1.5x scroll delay)


Message History

The goblin hits you but does no damage.
You are poisoned.
The goblin hits you but does no damage.
You are more poisoned.
The kobold hits you but does no damage. The kobold attacks as you move away!
You block the kobold's attack.
You feel very sick.
The hobgoblin shouts!
The kobold throws a stone.
The stone closely misses you.
The goblin hits you with a +0 dagger of venom.
You are more poisoned.
Things that are here:
a +0 short sword; a +0 leather armour You miss the goblin.
You feel very sick.
The kobold throws a stone.
The stone barely misses you.
The goblin hits you with a +0 dagger of venom.
You closely miss the goblin.
You feel very sick.
An endoplasm comes into view.
The goblin hits you with a +0 dagger of venom.
You are lethally poisoned!
You barely miss the goblin.
Your tail-slap misses the goblin.
You feel very sick. You block the kobold's attack.
The goblin completely misses you. The kobold barely misses you.
The goblin hits you but does no damage. The hobgoblin attacks as you move away!
The hobgoblin barely misses you.
* * * LOW HITPOINT WARNING * * *
You feel very sick. The kobold completely misses you.
You feel very mighty all of a sudden.
You slurp down every last drop of the potion of might!
* * * LOW HITPOINT WARNING * * *
You feel sick. The hobgoblin hits you.
* * * LOW HITPOINT WARNING * * *
The kobold hits you with a +0 short sword.
* * * LOW HITPOINT WARNING * * *
It was a potion of haste.
You feel yourself speed up.
You slurp down every last drop of the potion of haste!
You die...

#.........#
#.........#
#.........#
#.....!...###
#......J.....
#.........#
#.!.<.....#
#.....Kgg.#
#......@..#
##<......##
##.....##
#######


You could see an endoplasm, a hobgoblin, a goblin and a kobold.

Vanquished Creatures
  2 adders (D:2)
  A dart slug (D:2)
  An orc (D:3)
  6 endoplasms
  2 giant cockroaches (D:1)
  9 goblins
  2 hobgoblins (D:2)
  3 jackals (D:2)
  3 quokkas
  2 ball pythons (D:2)
  7 bats
  2 frilled lizards
  5 kobolds
  3 rats
48 creatures vanquished.

Notes
Turn   | Place    | Note
-------+----------+-------------------------------------------
     0 | D:1      | boopmooplesden the Armataur Fighter began the quest for the
                  | Orb.
     0 | D:1      | Reached XP level 1. HP: 19/19 MP: 1/1
    34 | D:1      | Found a faded altar of an unknown god.
   162 | D:1      | Reached XP level 2. HP: 24/26 MP: 2/2
   371 | D:1      | Found Imeam's Book Shoppe.
   388 | D:1      | Reached skill level 4 in Armour
   573 | D:1      | Reached XP level 3. HP: 33/33 MP: 3/3
  1035 | D:2      | Found a bloodstained altar of Trog.
  1365 | D:2      | Reached XP level 4. HP: 35/40 MP: 4/4
  1666 | D:3      | Succumbed to a goblin's poison

Illustrated notes

Levels and vault maps discovered:
D:1:      minmay_arrival_diagonal_passages, layout_basic, serial_shops, shop,
          nicolae_ecumenical_lake_church, minmay_tiny_reverse_x
D:2:      layout_loops_ring, basic_altar, grunt_ministairs_14, minmay_cupped
D:3:      kennysheep_the_goblin_king, layout_rooms, gammafunk_ghost_split,
          st_stairs_4

Skill      XL: |  1  2 |
---------------+-------+-----
Fighting       | 3 |  3.0
Armour         | 4 |  4.3
Maces & Flails | 2 |  2.5
Dodging        | |  0.6
Shields        | |  3.8

Action                     |  1- 3 |  4- 6 || total
---------------------------+-------+-------++-------
  Melee: Flail             |   119 |    16 ||   135
         Tailslap          |     7 |     2 ||     9
    Use: Scroll            |     4 |       ||     4
         Potion            |       |     2 ||     2
 Armour: Scale mail        |    80 |    12 ||    92
  Dodge: Dodged            |    43 |    13 ||    56
  Block: Buckler           |    32 |     4 ||    36
